 Dungeon Crawl Stone Soup version 0.22-a0-407-gb098539 (webtiles) character file.

977 dstrtnsr the Cleaver (level 8, -7/73 HPs)
             Began as a Hill Orc Berserker on May 10, 2018.
             Was a Believer of Trog.
             Mangled by an iguana (11 damage)
             ... on level 7 of the Dungeon.
             The game lasted 00:03:09 (4178 turns).

dstrtnsr the Cleaver (Hill Orc Berserker)           Turns: 4178, Time: 00:03:10

Health: -7/73      AC:  5    Str: 22    XL:     8   Next: 17%
Magic:  8/8        EV: 12    Int:  7    God:    Trog [**....]
Gold:   211        SH:  0    Dex: 10    Spells: 7/7 levels left

rFire    . . .     SeeInvis .   a - +0 hand axe
rCold    . . .     Gourm    .   (no shield)
rNeg     . . .     Faith    .   b - +1 animal skin
rPois    .         Spirit   .   (no helmet)
rElec    .         Reflect  .   n - +1 cloak
rCorr    .         Harm     .   (no gloves)
MR       .....                  (no boots)
Stlth    +.........             (no amulet)
HPRegen  0.22/turn              (no ring)
MPRegen  0.11/turn              (no ring)

@: berserk cooldown
A: no striking features
a: Berserk, Trog's Hand, Renounce Religion


You were on level 7 of the Dungeon.
You worshipped Trog.
Trog was pleased with you.
You were not hungry.

You visited 1 branch of the dungeon, and saw 7 of its levels.

You collected 211 gold pieces.

Inventory:

Hand Weapons
 a - a +0 hand axe (weapon)
Armour
 b - a +1 animal skin (worn)
 n - a +1 cloak (worn)
Jewellery
 o - a +4 amulet of reflection {unknown}
 q - a +3 ring of slaying {unknown}
Scrolls
 d - a scroll of enchant weapon {unknown}
 g - a scroll of magic mapping {unknown}
 h - 2 scrolls of identify {unknown}
 i - 2 scrolls of enchant armour
 j - a scroll of amnesia {unknown}
 l - a scroll of blinking {unknown}
 r - a scroll of teleportation {!d}
 s - a scroll of remove curse {unknown}
Potions
 c - a potion of magic {unknown}
 f - a potion of invisibility {unknown}
 k - a potion of cancellation {unknown}
 m - 2 potions of flight {unknown}
 p - a potion of lignification {unknown}
 t - a potion of curing {unknown}
 u - a potion of ambrosia {unknown}
 v - a potion of agility {unknown}
Comestibles
 e - 4 rations {!d}


   Skills:
 + Level 7.2 Fighting
 * Level 10.5 Axes
 - Level 2.1 Armour
 - Level 1.5 Dodging


You had 7 spell levels left.
You didn't know any spells.

Dungeon Overview and Level Annotations

Branches:
Dungeon (7/15)
 Temple: D:4-7

Altars:
Dithmenos
Trog
Xom

Shops:
D:4 *


Message History

You hit Duvessa.
Duvessa is moderately wounded.
Duvessa hits you but does no damage.
You hit Duvessa.
Duvessa is moderately wounded.
Duvessa hits you with a rapier!
You slash Duvessa!
Duvessa is heavily wounded.
Duvessa hits you but does no damage.
You hit Duvessa.
Duvessa is severely wounded.
Duvessa hits you with a rapier.
You hit Duvessa.
Duvessa is severely wounded.
Duvessa hits you with a rapier.
You hit Duvessa but do no damage.
Duvessa is severely wounded.
Duvessa closely misses you.
You closely miss Duvessa.
Duvessa is severely wounded.
Duvessa misses you.
You slash Duvessa!
Duvessa is almost dead.
Duvessa hits you with a rapier.
You hit Duvessa but do no damage.
Duvessa is almost dead.
Duvessa hits you with a rapier!
* * * LOW HITPOINT WARNING * * *
Duvessa hits you but does no damage.
You are too injured to fight recklessly!
Okay, then.
Your skin crawls.
You feel resistant to hostile enchantments.
You are starving!
Duvessa barely misses you.
You hit Duvessa but do no damage.
Duvessa is almost dead.
Duvessa misses you.
You barely miss Duvessa.
Duvessa is almost dead.
Duvessa hits you but does no damage.
The iguana hisses angrily.
You hit Duvessa but do no damage.
Duvessa is almost dead.
Duvessa closely misses you.
You hit Duvessa but do no damage.
Duvessa is almost dead.
Duvessa hits you but does no damage.
You hit Duvessa.
Duvessa is almost dead.
Duvessa barely misses you.
You hit Duvessa but do no damage.
Duvessa is almost dead.
Duvessa hits you with a rapier!
* * * LOW HITPOINT WARNING * * *
You hit Duvessa.
You kill Duvessa!
Trog accepts your kill. The iguana bites you!
* * * LOW HITPOINT WARNING * * *
You closely miss the iguana. The iguana misses you.
You barely miss the iguana. The iguana barely misses you.
Unknown command.
You closely miss the iguana.
You feel yourself speed up. The iguana closely misses you.
You hit the iguana.
The iguana is lightly wounded.
The iguana bites you!
* * * LOW HITPOINT WARNING * * *
You hit the iguana.
The iguana is moderately wounded.
The iguana bites you.
* * * LOW HITPOINT WARNING * * *
You hit the iguana.
The iguana is heavily wounded.
You feel the effects of Trog's Hand fading.
You hit the iguana but do no damage.
The iguana is heavily wounded.
The iguana bites you!
* * * LOW HITPOINT WARNING * * *
You closely miss the iguana.
The iguana is heavily wounded.
The iguana closely misses you.
Unknown command.
Your skin stops crawling.
You feel less resistant to hostile enchantments.
You eat one of the 5 rations {!d}.
That ration really hit the spot!
The iguana barely misses you.
Okay, then.
You slash the iguana!
The iguana is almost dead.
The iguana bites you.
* * * LOW HITPOINT WARNING * * *
You barely miss the iguana.
The iguana is almost dead.
You barely miss the iguana.
The iguana is almost dead.
The iguana bites you!
You die...

########........>.# ##
?.................######.
........)...#..........#.
............#.####?....#.
.........#.#### ##......
.........))# #....#.
...........# #....#.
........l..# #....#.
........@..# #..#.#.
...####....# #..#.#. ...
##+#).# #..#.## . #### #.
#.#. #. #. #. +. #.


You could see an iguana.

Vanquished Creatures
  Duvessa (D:7)
  A hornet zombie (D:7)
  A sky beast (D:6)
  2 ogres (D:7)
  A bullfrog (D:6)
  A scorpion (D:6)
  Dowan (D:7)
  A howler monkey (D:4)
  2 crimson imps
  3 orc priests
  An iguana (D:7)
  An orc wizard (D:7)
  2 worker ant zombies (D:5)
  4 adders
  A shadow imp (D:5)
  2 leopard geckos
  12 orcs
  4 giant cockroaches
  A goblin (D:2)
  6 hobgoblins
  3 jackals (D:7)
  4 kobolds
  2 quokkas
  A ball python (D:2)
  A bat (D:1)
  5 frilled lizards
  A quokka skeleton (D:6)
  2 rats
67 creatures vanquished.

Vanquished Creatures (others)
  9 toadstools (D:6)
9 creatures vanquished.

Grand Total: 76 creatures vanquished

Notes
Turn   | Place    | Note
-------+----------+-------------------------------------------
     0 | D:1      | dstrtnsr the Hill Orc Berserker began the quest for the Orb.
     0 | D:1      | Reached XP level 1. HP: 19/19 MP: 1/1
   242 | D:2      | Reached XP level 2. HP: 21/27 MP: 2/2
   469 | D:2      | Reached skill level 5 in Axes
   471 | D:2      | Reached XP level 3. HP: 33/33 MP: 3/3
  1131 | D:4      | Found Aeugritz's Alliterative Accessories.
  1206 | D:4      | Reached XP level 4. HP: 41/41 MP: 4/4
  1461 | D:4      | Reached skill level 6 in Axes
  1787 | D:5      | Entered Level 5 of the Dungeon
  1895 | D:5      | Reached XP level 5. HP: 44/47 MP: 5/5
  2162 | D:6      | Reached skill level 5 in Fighting
  2162 | D:6      | Reached skill level 7 in Axes
  2371 | D:6      | HP: 19/48 [poisoned by a scorpion]
  2372 | D:6      | HP: 9/48 [scorpion (8)]
  2377 | D:6      | Reached ** piety under Trog
  2377 | D:6      | Reached XP level 6. HP: 10/56 MP: 6/6
  2377 | D:6      | HP: 9/84 [poisoned by a scorpion]
  2381 | D:6      | HP: 4/56 [poisoned by a scorpion]
  2383 | D:6      | HP: 1/56 [poisoned by a scorpion]
  2389 | D:6      | HP: 5/56 [poisoned by a scorpion]
  2394 | D:6      | HP: 10/56 [poisoned by a scorpion]
  2399 | D:6      | HP: 11/56 [poisoned by a scorpion]
  2404 | D:6      | HP: 10/56 [poisoned by a scorpion]
  2875 | D:6      | Noticed a sky beast
  2885 | D:6      | Killed a sky beast
  2885 | D:6      | Reached skill level 8 in Axes
  3140 | D:6      | Reached XP level 7. HP: 63/63 MP: 7/7
  3304 | D:7      | HP: 21/63 [hornet zombie (8)]
  3309 | D:7      | HP: 18/94 [hornet zombie (5)]
  3310 | D:7      | Reached skill level 9 in Axes
  3697 | D:7      | Found a shadowy altar of Dithmenos.
  3715 | D:7      | Noticed Dowan
  3723 | D:7      | Noticed Duvessa
  3724 | D:7      | Killed Dowan
  3724 | D:7      | Reached skill level 10 in Axes
  3728 | D:7      | HP: 20/66 [Duvessa/rapier (9)]
  3729 | D:7      | HP: 6/66 [Duvessa/rapier (11)]
  3734 | D:7      | HP: 3/66 [iguana (2)]
  4043 | D:7      | Found a shimmering altar of Xom.
  4059 | D:7      | Found a bloodstained altar of Trog.
  4112 | D:7      | Reached XP level 8. HP: 73/73 MP: 8/8
  4152 | D:7      | HP: 29/73 [Duvessa/rapier (1)]
  4160 | D:7      | HP: 19/73 [Duvessa/rapier (10)]
  4161 | D:7      | Killed Duvessa
  4165 | D:7      | HP: 9/73 [iguana (7)]
  4168 | D:7      | HP: 3/73 [iguana (7)]
  4176 | D:7      | HP: 4/73 [iguana (4)]
  4178 | D:7      | Mangled by an iguana

Vault maps used:
D:1:      eino_arrival_cavern_e
D:2:      lemuel_zombie_altar_kikubaaqudgha, kennysheep_big_empty_room
D:3:      old_standard_altar, first_ration, gup_sewer_entry_spiral,
          item_on_display_a
D:4:      nicolae_alphabet_shops
D:5:      minmay_temple_entry_nine_rooms, corexii_shack
D:6:      cheibrodos_fertilizer, serial_shops, shop, minmay_misc_feat_room,
          moated_statue
D:7:      nicolae_dithmenos_through_a_glass_darkly,
          grunt_temple_overflow_holy_war, lightli_temple_of_fire, basic_altar,
          uniq_duvessa

Skill      XL: |  1  2  3  4  5  6  7 |
---------------+----------------------+-----
Fighting       | 4 5 6 7 |  7.2
Axes           | 5 6 7 8 10 | 10.5
Armour         | |  2.1
Dodging        | |  1.5

Action                   |  1- 3 |  4- 6 |  7- 9 || total
-------------------------+-------+-------+-------++-------
Melee: Hand axe          |    72 |   102 |   115 ||   289
Invok: Berserk           |     3 |     2 |     4 ||     9
       Trog's Hand       |       |     1 |     1 ||     2
  Use: Scroll            |       |     4 |     2 ||     6
 Stab: Sleeping          |     2 |       |       ||     2
  Eat: Chunk             |     4 |     4 |     2 ||    10
       Ration            |       |     1 |     2 ||     3
Armor: Animal skin       |     4 |    16 |    27 ||    47
Dodge: Dodged            |    57 |    58 |    48 ||   163

Table legend:
 A = Spawn XP
 B = Non-spawn XP
 C = Spawn XP percentage of total XP
 D = Spawn monster count
 E = Non-spawn monster count
 F = Spawn count percentage of total count
 G = Total turns spent on level
                    A         B        C        D         E        F      G
               +---------+---------+-------+---------+---------+-------+---------
         Total |       0 |    1397 |   0.0 |       0 |      67 |   0.0 |  4178
               +---------+---------+-------+---------+---------+-------+---------
           D:1 |       0 |       7 |   0.0 |       0 |       5 |   0.0 |   132
           D:2 |       0 |      47 |   0.0 |       0 |      14 |   0.0 |   578
           D:3 |       0 |      25 |   0.0 |       0 |       8 |   0.0 |   284
           D:4 |       0 |      58 |   0.0 |       0 |       2 |   0.0 |   793
           D:5 |       0 |      61 |   0.0 |       0 |       6 |   0.0 |   263
           D:6 |       0 |     436 |   0.0 |       0 |      12 |   0.0 |  1239
           D:7 |       0 |     763 |   0.0 |       0 |      20 |   0.0 |   889
               +---------+---------+-------+---------+---------+-------+---------
